 Dungeon Crawl Stone Soup version 0.27.1-33-g824d729ab1 (webtiles) character file.

Game seed: 5654330738082348633

56 demibob the Chopper (level 3, 0/31 HPs)
             Began as a Minotaur Chaos Knight on Dec 8, 2021.
             Was a Plaything of Xom.
             Slain by a gnoll (5 damage)
             ... on level 3 of the Dungeon.
             The game lasted 00:01:57 (1372 turns).

demibob the Chopper (Minotaur Chaos Knight)         Turns: 1372, Time: 00:02:00

Health: 0/31       AC:  6    Str: 23    XL:     3   Next: 71%
Magic:  2/2        EV: 11    Int:  9    God:    Xom [....*.]
Gold:   112        SH:  0    Dex:  9    Spells: 2/2 levels left

rFire    . . .     SeeInvis .   a - +1 hand axe (chaos)
rCold    . . .     Faith    .   (no shield)
rNeg     . . .     Spirit   .   b - +2 leather armour
rPois    +         Reflect  .   (helmet restricted)
rElec    .         Harm     .   f - +0 cloak
rCorr    .         Rampage  .   (no gloves)
Will     .....                  (no boots)
Stlth    +.........             (no amulet)
HPRegen  0.10/turn              P - ring of poison resistance
MPRegen  0.08/turn              S - +6 ring of strength

@: attractive
A: horns 2, retaliatory headbutt
a: Renounce Religion


You were on level 3 of the Dungeon.
You worshipped Xom.
You were a beloved toy of Xom.
You visited 1 branch of the dungeon, and saw 3 of its levels.

You collected 112 gold pieces.


Innate Abilities, Weirdness & Mutations

You have a pair of horns on your head.
You reflexively headbutt those who attack you in melee.


   Skills:
 - Level 3.6 Fighting
 + Level 5.7 Axes
 - Level 2.4 Armour
 - Level 1.1 Dodging


You had 2 spell levels left.
You didn't know any spells.
Your spell library contained the following spells:

 Spells                   Type           Power      Damage    Failure   Level
 Gell's Gravitas          Tloc           0%         N/A       80%         3
 Teleport Other           Tloc           0%         N/A       80%         3
 Dispersal                Tloc           0%         N/A       100%        6

Inventory:

Hand Weapons
 a - a +1 hand axe of chaos (weapon)
Armour
 b - a +2 leather armour (worn)
 f - a +0 cloak (worn)
 j - a scarf of harm
Jewellery
 P - a ring of poison resistance (left hand)
 S - a +6 ring of strength (right hand)
Scrolls
 c - a scroll of vulnerability
 d - a scroll of teleportation {@r2}
 g - a scroll of enchant weapon
 i - a scroll of amnesia {unknown}
Potions
 e - a potion of attraction

Dungeon Overview and Level Annotations

Branches:
Dungeon (3/15)

Altars:

Annotations:
D:3 Ijyb

#.#####..##.....
#.# #..##.#...
#)# #..##.#...
#.# #†.##.#...
####.#
#..##.#... ..#.#
#......... #
#.#.# #.#####...
#.#.#.# #..
#..... #bg@..#
### #.#.#.
#...g#g###
#.#... #### #..
# #... #### #.##
.. #.


You could see 3 gnolls and a bat.


Message History

HP restored.
Things that are here:
a +0 club; a hobgoblin corpse; a goblin corpse 3 gnolls come into view.
The gnoll shouts! x2
A gnoll comes into view. It is wielding a +0 spear.
There are monsters nearby!
The gnoll shouts!
The gnoll hits you from afar with a +0 spear.
Unknown command.
You hit the gnoll. You freeze the gnoll.
The gnoll is moderately wounded.
A bat comes into view.
The gnoll hits you from afar with a +0 spear.
You slash the gnoll!
The gnoll suddenly seems more agile.
Xom thinks this is hilarious!
The gnoll is almost dead.
The gnoll hits you from afar with a +0 spear.
The gnoll hits you with a +0 flail!
* * * LOW HITPOINT WARNING * * *
It was a potion of attraction.
You feel attractive to monsters.
Xom thinks this is hilarious!
The gnoll hits you but does no damage.
It was a potion of cancellation.
Your magical effects are unravelling.
You feel magically purged. The gnoll barely misses you. The gnoll misses you.
The gnoll hits you with a +0 whip.
You die...
Xom bursts into laughter!

Skill      XL: |  1  2 |
---------------+-------+-----
Axes           | 4 5 |  5.7
Fighting       | |  3.6
Armour         | |  2.4
Dodging        | |  1.1

Action                   || total
-------------------------++-------
Melee: Hand axe          ||    84
       Headbutt          ||    10
  Use: Scroll            ||     4
       Potion            ||     2
Armor: Leather armour    ||    32
Dodge: Dodged            ||    52

Levels and vault maps discovered:
D:1:      dpeg_arrival_solitude, layout_rooms, minmay_bisected
D:2:      layout_rooms, chequers_ecumenical_altar_simple
D:3:      layout_basic, serial_shops, shop_fountains, uniq_ijyb

Notes
Turn   | Place    | Note
-------+----------+-------------------------------------------
     0 | D:1      | demibob the Minotaur Chaos Knight began the quest for the
                  | Orb.
     0 | D:1      | Reached XP level 1. HP: 19/19 MP: 0/0
    49 | D:1      | XOM: smoke on damage
   269 | D:1      | Reached skill level 4 in Axes
   320 | D:1      | Reached XP level 2. HP: 26/26 MP: 1/1
   682 | D:2      | Reached skill level 5 in Axes
   693 | D:2      | Reached XP level 3. HP: 30/31 MP: 2/2
   869 | D:2      | XOM: silly message
   971 | D:2      | Found a faded altar of an unknown god.
  1293 | D:3      | Noticed Ijyb
  1293 | D:3      | Noticed an orc warrior
  1293 | D:3      | XOM: 3-stop teleportation journey
  1372 | D:3      | Slain by a gnoll

Vanquished Creatures
  2 adders (D:2)
  3 endoplasms
  A giant cockroach (D:1)
  4 goblins
  4 hobgoblins
  3 jackals (D:1)
  5 kobolds
  A quokka (D:2)
  6 ball pythons
  2 frilled lizards (D:2)
  5 rats
36 creatures vanquished.

Table legend: (Time is in decaauts)
 A = Elapsed time spent in this place.
 B = Non-inter-level travel time spent in this place.
 C = Inter-level travel time spent in this place.
 D = Time resting spent in this place.
 E = Time spent auto-exploring this place.
 F = Levels seen in this place.
 G = Mean time per level.
                   A        B        C        D        E       F      G
               +--------+--------+--------+--------+--------+-----+--------+
         Total |   1375 |   1323 |     52 |    102 |    969 |   3 |  458.3 |
       Dungeon |   1375 |   1323 |     52 |    102 |    969 |   3 |  458.3 |
               +--------+--------+--------+--------+--------+-----+--------+

Top non-repeatable levels by time:
     D:1: 676 daAuts
     D:2: 557 daAuts
     D:3: 141 daAuts

Table legend:
 A = Non-vault XP
 B = Vault XP
 C = Vault XP percentage of total XP
 D = Non-vault monster count
 E = Vault monster count
 F = Vault count percentage of total count
                 A         B        C        D         E       F
            +---------+---------+-------+---------+---------+-------
      Total |      77 |       4 |   4.9 |      33 |       3 |   8.3
            +---------+---------+-------+---------+---------+-------
        D:1 |      19 |       4 |  17.4 |      11 |       3 |  21.4
        D:2 |      48 |       0 |   0.0 |      15 |       0 |   0.0
        D:3 |      10 |       0 |   0.0 |       7 |       0 |   0.0
            +---------+---------+-------+---------+---------+-------
